 Dungeon Crawl Stone Soup version 0.30-a0-632-g346586fe48 (webtiles) character file.

Game seed: 18391808867020039616

3291 kae the Changer (level 9, 0/60 (61) HPs)
             Began as a Demonspawn Transmuter on Jan 13, 2023.
             Was a Believer of Ru.
             Slain by a sixfirhy (11 damage)
             ... on level 1 of the Abyss.
             The game lasted 00:11:36 (8731 turns).

kae the Changer (Demonspawn Transmuter)             Turns: 8731, Time: 00:11:37

HP:   0/60 (61)     AC:  4    Str: 11      XL:     9   Next: 69%
MP:   17/17         EV: 12    Int: 18 (19) God:    Ru [**....]
Gold: 424           SH:  4    Dex: 12 (13) Spells: 3/19 levels left

rFire   + . .      SeeInvis .      - Unarmed
rCold   . . .      Faith    .    (no shield)
rNeg    . . .      Spirit   .    a - +0 robe
rPois   .          Reflect  .    j - +0 hat
rElec   .          Harm     .    (no cloak)
rCorr   .          Rampage  .    (no gloves)
Will    .....                    (no boots)
Stlth   +                        (no amulet)
HPRegen 0.30/turn                F - ring of protection from fire
MPRegen 0.15/turn                (no ring)

@: lightly drained
A: claws 2, rugged brown scales 2, inability to use devices, condensation
shield, horns 1
a: Renounce Religion


You were on level 1 of the Abyss.
You worshipped Ru.
Ru was pleased with you.
You visited 2 branches of the dungeon, and saw 9 of its levels.
You visited the Abyss 1 time.

You collected 424 gold pieces.


Innate Abilities, Weirdness & Mutations

You have very sharp fingernails.
You are mostly covered in rugged brown scales. (AC +2, +5% HP)
You cannot study or use magical devices.
A meltable shield of frost defends you. (SH +4)
You have a pair of small horns on your head.


   Skills:
 - Level 1.0 Fighting
 - Level 1.7 Dodging
 + Level 5.9 Unarmed Combat
 + Level 5.5 Spellcasting
 * Level 7.7 Transmutations
 - Level 6.0 Ice Magic
 + Level 2.2 Earth Magic
 - Level 1.6 Poison Magic


You had 3 spell levels left.
You knew the following spells:

 Your Spells              Type           Power      Damage    Failure   Level
a - Beastly Appendage     Tmut           64%        N/A       1%          1
b - Wereblood             Tmut           32%        N/A       1%          2
c - Spider Form           Tmut/Pois      21%        N/A       5%          3
d - Ice Form              Ice/Tmut       29%        N/A       8%          4
e - Statue Form           Tmut/Erth      15%        N/A       94%         6

Your spell library contained the following spells:

 Spells                   Type           Power      Damage    Failure   Level
 Ignite Poison            Fire/Tmut/Pois 16%        N/A       11%         3
 Apportation              Tloc           8%         N/A       13%         1
 Necrotise                Necr           16%        1d4       13%         1
 Summon Small Mammal      Summ           16%        N/A       13%         1
 Vampiric Draining        Necr           4%         2d6       36%         3
 Leda's Liquefaction      Hex/Erth       4%         N/A       61%         4
 Anguish                  Hex/Necr       2%         N/A       77%         4
 Sticky Flame             Conj/Fire      4%         2d3       77%         4
 Lee's Rapid Deconstruct  Erth           6%         3d6*      80%         5
 Agony                    Necr           4%         N/A       98%         5
 Enfeeble                 Hex            2%         N/A       100%        7
 Ignition                 Fire           2%         3d3       100%        8

Inventory:

Missiles
 c - 5 javelins
 e - 4 boomerangs
 g - 58 stones
 n - a silver boomerang
 o - 2 poisoned darts
 q - 2 throwing nets {=f!f}
Armour
 a - a +0 robe (worn)
 j - a +0 hat (worn)
   (You found it on level 2 of the Dungeon)
Magical Staves
 u - a staff of death {!a}
   (You found it on level 7 of the Dungeon)
Jewellery
 C - a ring of ice
   (You found it on level 6 of the Dungeon)
 F - a ring of protection from fire (left claw)
   (You found it on level 3 of the Dungeon)
Wands
 k - a wand of light (10)
   (You found it on level 7 of the Dungeon)
 p - a wand of polymorph (6)
   (You found it on level 5 of the Dungeon)
Scrolls
 h - 3 scrolls of teleportation {@r4}
 s - 2 scrolls of vulnerability {!r!r}
Potions
 b - a potion of lignification {!q}
 d - a potion of resistance
 f - a potion of flight
 i - 5 potions of curing {@q1}
 l - a potion of mutation {!q}
 m - 2 potions of heal wounds {@q2}
 r - 4 potions of attraction {!q}
 t - a potion of might {unknown}

Dungeon Overview and Level Annotations

Branches:
Dungeon (8/15) Zot: 26862  Temple (1/1) D:5 Zot: 5939
   Lair: D:8-11

Altars:
Ashenzari
Cheibriados
Dithmenos
Fedhas
Gozag
Hepliaklqana
Kikubaaqudgha
Makhleb
Nemelex Xobeh
Okawaru
Qazlal
Ru
Trog
Uskayaw
Vehumet
Wu Jian
Xom
Yredelemnul

# .... ...# .
#.##... ... .#...
.#...... ..##.....
.....ยง.. .......
#...ยงยง..#......#..
...........#....
#......#.........
#.....3#........
#@....#....
#...........# ..#.
#...........# . .
...#...#....... .
.#.............
#._............
#..............
.#.... #.####.


You could see a sixfirhy.


Message History

You take 12 damage, and now have 56/70 hp.
The wight barely misses you. The wight hits you but does no damage.
The wight barely misses you.
You punch the wight!
You feel a bit better.
You destroy the wight!
The wight hits you but does no damage.
The wight hits you with a +0 quarterstaff!
You feel drained.
You focus your inner power and illuminate the wight in retribution!
A kobold brigand comes into view.
It is wielding a +0 dagger of distortion and quivering poisoned darts.
You feel your intelligence returning.
Training target 6.0 for Ice Magic reached!
Your Ice Magic skill increases to level 6! ๐Ÿ˜ฎ HP[-6]
You take 6 damage, and now have 50/70 hp.
A kobold comes into view. It is wielding a +0 whip.
The kobold brigand shouts!
You block the wight's attack.
The kobold moves out of view. ๐Ÿ˜ฎ HP[+1] MP[+1]
You punch the wight! The wight closely misses you.
The wight hits you with a +0 quarterstaff!
A kobold comes into view. It is wielding a +0 dagger. ๐Ÿ˜ฎ HP[-8]
You take 8 damage, and now have 43/70 hp.
You hit the wight.
Unknown command.
You hit the wight. The wight hits you but does no damage.
The wight closely misses you.
The kobold brigand throws a poisoned dart.
The poisoned dart hits you! ๐Ÿ˜ฎ HP[+1]
The kobold shouts!
You hit the wight.
You feel a bit better.
You destroy the wight!
The wight hits you from afar with a +0 spear.
You feel drained. The wight hits you but does no damage.
The kobold brigand throws a poisoned dart.
You block the poisoned dart.
You barely miss the wight. The wight closely misses you.
You hit the wight but do no damage. The wight hits you with a +0 spear!
You feel drained.
The kobold throws a stone.
The stone hits you but does no damage.
The kobold throws a stone.
The stone barely misses you. ๐Ÿ˜ฎ HP[-8] MP[+1]
You now have 69 max hp (-1).
You take 8 damage, and now have 36/69 hp.
You punch the wight! The wight barely misses you.
The kobold brigand throws a poisoned dart.
The poisoned dart barely misses you.
You hit the wight. The wight barely misses you.
Unknown command.
You punch the wight!
You feel a bit better.
You destroy the wight! ๐Ÿ˜ฎ HP[+2]
You now have 72 max hp (+3).
You regained 2 hp, and now have 38/72 hp.
You punch the kobold brigand! You freeze the kobold brigand!
The kobold barely misses you.
The kobold brigand hits you but does no damage.
You are cast into the Abyss!
This branch contains the abyssal rune of Zot.
Found a corrupted altar of Lugonu.
You howl as the wereblood boils in your veins! ๐Ÿ˜ฎ HP[+1] Unknown command.
Unknown command.
Okay, then.
You start resting.
You howl as the wereblood boils in your veins! ๐Ÿ˜ฎ HP[+2] MP[+1]
You regained 2 hp, and now have 41/72 hp.
Unknown command.
You start resting. ๐Ÿ˜ฎ HP[+3] MP[+2]
You regained 3 hp, and now have 44/72 hp.
Your mp is fully restored (17).
You start resting.
Your primal bloodlust is almost over. ๐Ÿ˜ฎ HP[+1] Unknown command.
You start resting.
You howl as the wereblood boils in your veins!
Your transformation is almost over. ๐Ÿ˜ฎ HP[+1]
You start resting.
Your primal bloodlust has ended.
Unknown command.
You start resting.
You warm up again.
Your +0 hat unmelds from your body.
Your +0 robe unmelds from your body.
A sixfirhy emerges from the beyond. ๐Ÿ˜ฎ HP[-4]
You now have 60 max hp (-12).
The sixfirhy hits you! The sixfirhy shocks you!
* * * LOW HITPOINT WARNING * * *
The sixfirhy hits you!
* * * LOW HITPOINT WARNING * * *
The sixfirhy shocks you!
You die...

Skill      XL: |  1  2  3  4  5  6  7  8  9 |
---------------+----------------------------+-----
Transmutations | 2 3 4 5 6 7 |  7.7
Unarmed Combat | 3 4 5 |  5.9
Poison Magic   | 1 |  1.6
Spellcasting   | 3 4 5 |  5.5
Ice Magic      | 1 3 4 6 |  6.0
Earth Magic    | 2 |  2.2
Fighting       | |  1.0
Dodging        | |  1.7

Action                   |  1- 3 |  4- 6 |  7- 9 || total
-------------------------+-------+-------+-------++-------
Melee: Unarmed           |    84 |   181 |   296 ||   561
       Kick              |    11 |    14 |       ||    25
       Headbutt          |     2 |    14 |       ||    16
 Cast: Beastly Appendage |    12 |    17 |       ||    29
       Wereblood         |     1 |     3 |    11 ||    15
       Spider Form       |       |    14 |    16 ||    30
       Ice Form          |       |     2 |    22 ||    24
Invok: Sacrifice Artific |       |       |     1 ||     1
  Use: Scroll            |     5 |     3 |     4 ||    12
       Potion            |     3 |       |     6 ||     9
 Stab: Sleeping          |     1 |       |       ||     1
Armor: Robe              |    10 |    14 |     3 ||    27
       Skin              |    11 |    18 |    66 ||    95
Dodge: Dodged            |    47 |    95 |   189 ||   331
Block: Other             |    10 |    23 |    41 ||    74

Levels and vault maps discovered:
D:1:      evilmike_arrival_crescent, layout_loops_ring, minmay_octomino_e4
D:2:      layout_loops_ring, ebering_ecumenical_altar_hall, uniq_robin
D:3:      layout_loops_cross, general_overflow_altar,
          gammafunk_temple_overflow_statue
D:4:      layout_loops_ring, nemelex_xobeh_ov_fountains_minmay,
          lightli_temple_of_fire, serial_aquarium, aquarium_bridge_straight
          [aquarium_subvault_bridge, aquarium_subvault_window,
          aquarium_subvault_bridge, aquarium_subvault_wall],
          aquarium_window_fake, aquarium_window_2, aquarium_view_2d,
          aquarium_view_2d, aquarium_pool_side, st_stairs_9
D:5:      layout_loops_ring, grunt_qazlal_sundering,
          mainiacjoe_overflow_tiny_flanked, minmay_temple_entry_nine_rooms
D:6:      layout_cave_pools, mainiacjoe_overflow_alcove_1, elyvilon_altar_4,
          nicolae_benzene_ring, chequers_serial_rivers_small_b
D:7:      layout_basic, vehumet_crystals, minmay_checkerbox
D:8:      layout_layer_cave, uniq_psyche, uniq_amaemon
Temple:   chequers_temple_sunken
Abyss:1:  base:
D:3

Notes
Turn   | Place    | Note
-------+----------+-------------------------------------------
     0 | D:1      | kae the Demonspawn Transmuter began the quest for the Orb.
     0 | D:1      | Reached XP level 1. HP: 15/15 MP: 3/3
     0 | D:1      | magus.rc [v1.11.3]
   240 | D:1      | Reached skill level 2 in Transmutations
   555 | D:1      | Gained mutation: A meltable shield of frost defends you.
                  | (SH +4) [demonic ancestry]
   555 | D:1      | Reached XP level 2. HP: 21/21 MP: 3/5
   812 | D:2      | HP: 5/21 [adder (2)]
   817 | D:2      | Reached skill level 3 in Unarmed Combat
   817 | D:2      | HP: 5/21 [giant cockroach (2)]
   820 | D:2      | Reached XP level 3. HP: 6/26 MP: 6/6
   823 | D:2      | Learned a level 2 spell: Wereblood
   827 | D:2      | Learned a level 3 spell: Spider Form
  1050 | D:2      | Found a faded altar of an unknown god.
  1155 | D:2      | Noticed Robin
  1173 | D:2      | HP: 5/26 [goblin/+0 club[Robin] (2)]
  1173 | D:2      | HP: 1/26 [goblin/+0 dagger[Robin] (4)]
  1184 | D:2      | Killed Robin
  1185 | D:2      | Reached skill level 1 in Poison Magic
  1196 | D:2      | Reached XP level 4. HP: 32/32 MP: 5/7
  1394 | D:2      | Reached skill level 3 in Transmutations
  1759 | D:3      | You add the spells Ignite Poison, Sticky Flame and Ignition
                  | to your library.
  1777 | D:3      | You pick up a book of Necromancy and begin reading...
  1777 | D:3      | You add the spells Necrotise, Vampiric Draining and Agony
                  | to your library.
  2048 | D:3      | Found a snail-covered altar of Cheibriados.
  2438 | D:3      | Found a shimmering altar of Xom.
  2438 | D:3      | Found a broken altar of Ashenzari.
  2628 | D:4      | Gained mutation: You have sharp fingernails. [demonic
                  | ancestry]
  2628 | D:4      | Reached XP level 5. HP: 26/37 MP: 6/9
  2687 | D:4      | Noticed a sky beast
  2688 | D:4      | Identified the +0 scale mail "Toff" {rPois rCorr}
  2704 | D:4      | Killed a sky beast
  2705 | D:4      | Reached skill level 3 in Spellcasting
  2705 | D:4      | Reached skill level 4 in Transmutations
  2705 | D:4      | Reached XP level 6. HP: 16/43 MP: 6/10
  2718 | D:4      | You pick up a book of Maledictions and begin reading...
  2718 | D:4      | You add the spells Anguish and Enfeeble to your library.
  2902 | D:3      | Learned a level 4 spell: Ice Form
  3125 | D:4      | Reached skill level 1 in Ice Magic
  3190 | D:4      | Reached skill level 4 in Unarmed Combat
  3275 | D:4      | Found a sparkling altar of Nemelex Xobeh.
  3564 | D:4      | Gained mutation: You have very sharp fingernails. [demonic
                  | ancestry]
  3564 | D:4      | Reached XP level 7. HP: 45/48 MP: 4/12
  3856 | D:4      | Found a burning altar of Makhleb.
  3970 | D:5      | Entered Level 5 of the Dungeon
  4052 | D:5      | Found a stormy altar of Qazlal.
  4116 | D:5      | Found a staircase to the Ecumenical Temple.
  4235 | D:5      | Reached skill level 5 in Transmutations
  4235 | D:5      | Reached skill level 2 in Ice Magic
  4473 | D:5      | You pick up a book of the Earth and begin reading...
  4473 | D:5      | You add the spells Leda's Liquefaction, Lee's Rapid
                  | Deconstruction and Statue Form to your library.
  4634 | D:5      | Found a bloodstained altar of Trog.
  4682 | D:5      | Reached skill level 4 in Spellcasting
  4915 | Temple   | Entered the Ecumenical Temple
  4947 | Temple   | Became a worshipper of Ru the Awakened
  5070 | D:6      | Identified the +3 scale mail of Pleasant Breezes {SInv}
  5104 | D:6      | Reached skill level 3 in Ice Magic
  5171 | D:6      | Gained mutation: You are partially covered in rugged brown
                  | scales. (AC +1, +3% HP) [demonic ancestry]
  5171 | D:6      | Reached XP level 8. HP: 42/55 MP: 10/14
  5478 | D:6      | Reached skill level 6 in Transmutations
  5646 | D:5      | Reached skill level 4 in Ice Magic
  5662 | D:6      | HP: 15/62 [wight/+2 trident (4)]
  5669 | D:5      | HP: 8/63 [wight/+0 battleaxe (11)]
  5672 | D:5      | Reached skill level 5 in Unarmed Combat
  6245 | D:6      | HP: 12/55 [centaur (5)]
  6471 | D:6      | Found a hazy altar of Hepliaklqana.
  6515 | D:6      | Learned a level 6 spell: Statue Form
  6566 | D:7      | Gained mutation: You cannot study or use magical devices.
                  | [Ru sacrifice]
  6566 | D:7      | Reached * piety under Ru
  6566 | D:7      | Reached ** piety under Ru
  6567 | D:7      | HP: 16/66 [poisoned by a killer bee]
  6576 | D:7      | Gained mutation: You are mostly covered in rugged brown
                  | scales. (AC +2, +5% HP) [demonic ancestry]
  6576 | D:7      | Reached XP level 9. HP: 18/61 MP: 13/16
  6758 | D:7      | Reached skill level 5 in Ice Magic
  6773 | D:7      | Reached skill level 5 in Spellcasting
  6773 | D:7      | Reached skill level 1 in Earth Magic
  6812 | D:7      | Reached skill level 7 in Transmutations
  6854 | D:7      | HP: 17/73 [poisoned by a killer bee]
  6994 | D:7      | Noticed a two-headed ogre
  7003 | D:7      | Gained mutation: You have a pair of small horns on your
                  | head. [potion of mutation]
  7010 | D:7      | HP: 11/73 [two-headed ogre/+0 giant club (14)]
  7230 | D:7      | You pick up a book of Cantrips and begin reading...
  7230 | D:7      | You add the spells Summon Small Mammal and Apportation to
                  | your library.
  7870 | D:7      | HP: 9/73 [steam dragon/ball of steam (11)]
  8196 | D:7      | Found a radiant altar of Vehumet.
  8580 | D:8      | Reached skill level 2 in Earth Magic
  8682 | D:8      | Reached skill level 6 in Ice Magic
  8693 | D:8      | You are cast into the Abyss!
  8693 | Abyss:1  | Found a corrupted altar of Lugonu.
  8693 | Abyss:1  | Cast into level 1 of the Abyss (kobold brigand)
  8730 | Abyss:1  | Noticed a sixfirhy
  8731 | Abyss:1  | HP: 11/60 [sixfirhy (12)]
  8731 | Abyss:1  | Slain by a sixfirhy

Vanquished Creatures
  A steam dragon (D:7)
  4 water moccasins
  An ice beast (D:7)
  3 sky beasts
  3 centaurs (D:6)
  A phantom (D:4)
  2 bullfrogs (D:7)
  3 gnoll sergeants
  3 scorpions
  2 necrophages (D:6)
  9 wights
  7 killer bees (D:7)
  2 howler monkeys (D:7)
  3 hounds
  An iguana (D:4)
  3 orc wizards (D:4)
  Robin (D:2)
  17 gnolls
  12 adders
  2 shadow imps
  A white imp (D:4)
  2 ufetubi
  A worm (D:4)
  A dart slug (D:5)
  18 orcs
  7 ball pythons
  3 endoplasms
  3 giant cockroaches
  13 goblins
  9 hobgoblins
  3 quokkas
  4 bats
  4 frilled lizards
  8 kobolds
  A rat (D:1)
158 creatures vanquished.

Vanquished Creatures (others)
  A gnoll (D:7)
  A quokka (D:6)
  10 fungi (D:4)
12 creatures vanquished.

Grand Total: 170 creatures vanquished

Table legend:
 A = Non-vault XP
 B = Vault XP
 C = Vault XP percentage of total XP
 D = Non-vault monster count
 E = Vault monster count
 F = Vault count percentage of total count
                 A         B        C        D         E       F
            +---------+---------+-------+---------+---------+-------
      Total |    4301 |     401 |   8.5 |     139 |      20 |  12.6
            +---------+---------+-------+---------+---------+-------
        D:1 |       9 |       5 |  35.7 |       6 |       3 |  33.3
        D:2 |      67 |      37 |  35.6 |      13 |      12 |  48.0
        D:3 |      49 |      72 |  59.5 |      19 |       1 |   5.0
        D:4 |     553 |      10 |   1.8 |      31 |       1 |   3.1
        D:5 |     609 |       0 |   0.0 |      16 |       0 |   0.0
        D:6 |    1197 |       0 |   0.0 |      22 |       0 |   0.0
        D:7 |    1302 |     277 |  17.5 |      23 |       3 |  11.5
        D:8 |     515 |       0 |   0.0 |       9 |       0 |   0.0
            +---------+---------+-------+---------+---------+-------

Illustrated notes

Table legend:
 A = Kills in this place as a percentage of kills in entire the game.
 B = Kills by you in this place as a percentage of kills by you in the entire game.
 C = Kills by friends in this place as a percentage of kills by friends in the entire game.
 D = Other kills in this place as a percentage of other kills in the entire game.
 E = Experience gained in this place as a percentage of experience gained in the entire game.
 F = Experience gained in this place divided by the number of levels of this place that you have seen.
                   A       B       C       D       E      F
               +-------+-------+-------+-------+-------+----------------------
         Total | 100.0 | 100.0 |   N/A | 100.0 | 100.0 | 470.2
       Dungeon | 100.0 | 100.0 |   N/A | 100.0 | 100.0 | 587.8
               +-------+-------+-------+-------+-------+----------------------

Table legend: (Time is in decaauts)
 A = Elapsed time spent in this place.
 B = Non-inter-level travel time spent in this place.
 C = Inter-level travel time spent in this place.
 D = Time resting spent in this place.
 E = Time spent auto-exploring this place.
 F = Levels seen in this place.
 G = Mean time per level.
                   A        B        C        D        E       F      G
               +--------+--------+--------+--------+--------+-----+--------+
         Total |   8686 |   8281 |    405 |    484 |   6447 |  10 |  868.6 |
       Dungeon |   8588 |   8207 |    381 |    450 |   6421 |   8 | 1073.5 |
        Temple |     60 |     37 |     23 |      0 |     26 |   1 |   60.0 |
         Abyss |     37 |     37 |      0 |     34 |      0 |   1 |   37.0 |
               +--------+--------+--------+--------+--------+-----+--------+

Top non-repeatable levels by time:
     D:7: 1968 daAuts
     D:6: 1368 daAuts
     D:4: 1256 daAuts
     D:5: 1156 daAuts
     D:3: 1007 daAuts
     D:1: 863 daAuts
     D:2: 831 daAuts
     D:8: 136 daAuts
  Temple: 60 daAuts
 Abyss:1: 37 daAuts
